 Dungeon Crawl Stone Soup version 0.29.0-11-gd7f09526c8 (webtiles) character file.

Game seed: 11966325349260448126

1819 Acheron the Chopper (level 8, -5/61 HPs)
             Began as a Vampire Fighter on Sept 3, 2022.
             Was a Believer of Nemelex Xobeh.
             Slain by an orc warrior
             ... wielding a +0 long sword
              (10 damage)
             ... on level 7 of the Dungeon.
             The game lasted 00:18:58 (4919 turns).

Acheron the Chopper (Vampire Fighter)               Turns: 4919, Time: 00:18:59

Health: -5/61      AC: 11    Str: 15    XL:     8   Next: 85%
Magic:  11/11      EV: 11    Int: 15    God:    Nemelex Xobeh [**....]
Gold:   294        SH:  5    Dex: 15    Spells: 7/11 levels left

rFire   . . .      SeeInvis +   a - +0 war axe
rCold   . . .      Faith    .   c - +0 buckler
rNeg    + . .      Spirit   .   y - +1 ring mail of Circular Logic {rN+ Int+4}
rPois   .          Reflect  .   A - +0 helmet
rElec   .          Harm     .   z - +2 cloak
rCorr   +          Rampage  .   (no gloves)
Will    .....                   (no boots)
Stlth   ++........              (no amulet)
HPRegen 0.40/turn               v - ring of resist corrosion
MPRegen 0.12/turn               (no ring)

@: healing quickly
A: alive, fangs 3, see invisible, vampiric 2
a: Exsanguinate, Renounce Religion, Draw Escape, Draw Destruction, Draw
Summoning


You were on level 7 of the Dungeon.
You worshipped Nemelex Xobeh.
Nemelex Xobeh was pleased with you.
You visited 2 branches of the dungeon, and saw 8 of its levels.

You collected 294 gold pieces.

Inventory:

Hand Weapons
 a - a +0 war axe (weapon)
 k - a +1 vorpal hand axe
 t - a +2 whip of flaming
Missiles
 h - 6 boomerangs
 p - 2 silver javelins (quivered)
 u - a throwing net
 B - 9 datura-tipped darts
Armour
 b - a +0 scale mail
 c - a +0 buckler (worn)
 y - the +1 ring mail of Circular Logic (worn) {rN+ Int+4}
   (You found it on level 6 of the Dungeon)

   Int:       It affects your intelligence (+4).
   rN:        It protects you from negative energy.
 z - a +2 cloak (worn)
 A - a +0 helmet (worn)
Magical Staves
 q - a staff of poison
Jewellery
 n - an amulet of reflection
 v - a ring of resist corrosion (left hand)
Wands
 f - a wand of digging (10)
 m - a wand of charming (8)
 x - a wand of flame (16)
 D - a wand of quicksilver (7)
Scrolls
 j - 4 scrolls of teleportation
 l - a scroll of fear
Potions
 d - a potion of berserk rage {unknown}
 e - a potion of curing
 g - a potion of might
 i - a potion of heal wounds
 o - a potion of lignification {unknown}
 r - a potion of brilliance
 s - a potion of mutation {unknown}
 w - a potion of resistance
 E - a potion of flight {unknown}


   Skills:
 * Level 4.4 Fighting
 * Level 5.4 Axes
 * Level 2.1 Throwing
 * Level 4.4 Armour
 * Level 3.6 Dodging
 * Level 5.1 Stealth
 * Level 4.4 Shields
 * Level 2.0 Spellcasting
 * Level 2.0 Invocations


You had 7 spell levels left.
You knew the following spells:

 Your Spells              Type           Power      Damage    Failure   Level
a - Apportation           Tloc           2%         N/A       47%         1
b - Necrotise             Necr           4%         1d4       47%         1
c - Slow                  Hex            4%         N/A       47%         1
d - Summon Small Mammal   Summ           4%         N/A       47%         1

Your spell library contained the following spells:

 Spells                   Type           Power      Damage    Failure   Level
 Confusing Touch          Hex            1%         N/A       85%         3
 Ozocubu's Armour         Ice            1%         N/A       85%         3
 Vampiric Draining        Necr           1%         2d6       85%         3
 Ozocubu's Refrigeration  Ice            0%         4d7       100%        7


Dungeon Overview and Level Annotations

Branches:
Dungeon (7/15)             Temple (1/1) D:4

Altars:
Ashenzari
Cheibriados
Dithmenos
Gozag
Hepliaklqana
Kikubaaqudgha
Makhleb
Nemelex Xobeh
Qazlal
Ru
Sif Muna
Trog
Uskayaw
Vehumet
Wu Jian
Xom
Yredelemnul

Annotations:
D:7 Duvessa, Prince Ribbit


Innate Abilities, Weirdness & Mutations

Your natural rate of healing is accelerated.
You have razor-sharp teeth.
You have supernaturally acute eyesight. (SInv)
You are afflicted with vampirism and can become a bat while bloodless.


Message History

* * * LOW HITPOINT WARNING * * *
You hit the orc warrior.
The orc warrior is severely wounded.
The orc warrior hits you but does no damage.
You barely miss the orc warrior.
You bite the orc warrior, but do no damage.
The orc warrior is severely wounded.
The orc warrior hits you but does no damage.
You block the orc warrior's attack.
You completely miss the orc warrior.
The orc warrior is severely wounded.
You block the orc warrior's attack.
You hit the orc warrior but do no damage.
Your bite misses the orc warrior.
The orc warrior is severely wounded.
The orc warrior hits you with a +0 long sword.
* * * LOW HITPOINT WARNING * * *
You slash the orc warrior!
You bite the orc warrior, but do no damage.
The orc warrior is almost dead.
The orc warrior hits you but does no damage.
The orc warrior hits you with a +0 long sword!
* * * LOW HITPOINT WARNING * * *
You hit the orc warrior but do no damage.
The orc warrior is almost dead.
The orc warrior hits you with a +0 long sword.
* * * LOW HITPOINT WARNING * * *
You hit the orc warrior but do no damage.
Your bite misses the orc warrior.
The orc warrior is almost dead.
The orc warrior closely misses you.
You closely miss the orc warrior.
The orc warrior is almost dead.
The orc warrior hits you with a +0 long sword.
* * * LOW HITPOINT WARNING * * *
You barely miss the orc warrior. Your bite misses the orc warrior.
The orc warrior is almost dead.
The orc warrior hits you with a +0 long sword!
You die...
Your body disappears without a glow.

#.. ##.# #..# #..# #..#
.#$ #..# ... ##..# ##..# .
##...## #>..##.#
#####..#.@# #.#...
#.....###)o# #...# #.....#
##..# ###...#
#.....#####.#.# #.<...#
#........<....###.##o.####
#.....######...........o..
#.....# ..###.###o...)
####### ..# #. #o###. .##F
#.##Fo


You could see an orc warrior.

Vanquished Creatures
  Pikel (D:7)
  Sigmund (D:1)
  Menkaure (D:6)
  A water moccasin (D:5)
  2 black bears (D:6)
  A centaur (D:6)
  A phantom (D:5)
  3 scorpions
  Dowan (D:7)
  A jelly (D:6)
  2 orc priests (D:4)
  2 hounds (D:5)
  2 iguanas
  2 orc wizards
  4 gnolls (D:4)
  5 adders
  An ufetubus (D:7)
  A worm (D:5)
  A dart slug (D:4)
  20 orcs
  3 endoplasms
  5 giant cockroaches
  6 goblins
  9 hobgoblins
  A quokka (D:3)
  7 ball pythons
  3 bats
  A frilled lizard (D:3)
  4 kobolds
  7 rats
99 creatures vanquished.

Notes
Turn   | Place    | Note
-------+----------+-------------------------------------------
     0 | D:1      | Acheron the Vampire Fighter began the quest for the Orb.
     0 | D:1      | Reached XP level 1. HP: 17/17 MP: 1/1
    23 | D:1      | Found a faded altar of an unknown god.
   174 | D:2      | Noticed Sigmund
   183 | D:1      | Killed Sigmund
   184 | D:1      | Reached skill level 1 in Dodging
   184 | D:1      | Reached XP level 2. HP: 17/24 MP: 2/2
   184 | D:1      | Gained mutation: You are afflicted with vampirism and can
                  | become a bat while bloodless. [Vampire growth]
   184 | D:1      | Reached XP level 3. HP: 20/29 MP: 3/3
   184 | D:1      | Reached XP level 4. HP: 25/35 MP: 4/4
   184 | D:1      | Reached XP level 5. HP: 29/41 MP: 5/5
  2188 | D:4      | Reached XP level 6. HP: 40/48 MP: 6/6
  2386 | D:4      | Found a staircase to the Ecumenical Temple.
  2414 | Temple   | Entered the Ecumenical Temple
  2501 | Temple   | Became a worshipper of Nemelex Xobeh the Trickster
  2748 | D:5      | Entered Level 5 of the Dungeon
  2941 | D:5      | Reached XP level 7. HP: 50/53 MP: 6/8
  3235 | D:5      | Reached skill level 1 in Throwing
  3244 | D:5      | Reached skill level 1 in Spellcasting
  3705 | D:5      | Found a broken altar of Ashenzari.
  3705 | D:5      | Found a snail-covered altar of Cheibriados.
  3706 | D:5      | Found an opulent altar of Gozag.
  3751 | D:6      | Reached * piety under Nemelex Xobeh
  4058 | D:7      | Noticed Prince Ribbit
  4085 | D:6      | Noticed Menkaure
  4088 | D:6      | Killed Menkaure
  4089 | D:6      | Reached skill level 1 in Invocations
  4132 | D:6      | Found a shadowy altar of Dithmenos.
  4141 | D:6      | Received a gift from Nemelex Xobeh
  4202 | D:7      | Noticed Dowan
  4202 | D:7      | Noticed Duvessa
  4241 | D:7      | Killed Dowan
  4242 | D:7      | Reached XP level 8. HP: 57/60 MP: 8/10
  4311 | D:7      | Noticed Pikel
  4339 | D:7      | Killed Pikel
  4340 | D:7      | Reached skill level 5 in Axes
  4574 | D:6      | Identified the +1 ring mail of Circular Logic {rN+ Int+4}
  4588 | D:6      | Learned a level 1 spell: Apportation
  4590 | D:6      | Learned a level 1 spell: Necrotise
  4592 | D:6      | Learned a level 1 spell: Slow
  4594 | D:6      | Learned a level 1 spell: Summon Small Mammal
  4647 | D:6      | Reached ** piety under Nemelex Xobeh
  4713 | D:6      | Reached skill level 5 in Stealth
  4919 | D:7      | Slain by an orc warrior

Illustrated notes

Levels and vault maps discovered:
D:1:      dpeg_arrival_simpleton_b, layout_loops_ring,
          chequers_ecumenical_altar_island
D:2:      layout_loops_ring, minmay_heptomino_d4, uniq_sigmund
D:3:      layout_basic, nrook_mini_backslash
D:4:      layout_loops_ring, minmay_temple_entry_mist, kennysheep_another_room
D:5:      layout_loops_ring, mainiacjoe_overflow_concentric_impassable,
          kennysheep_okawaru_gauntlet, gammafunk_temple_overflow_claw,
          marbit_many_paths, hangedman_abyss_or_decor_jellyfish_corner
D:6:      layout_gridville, grunt_dithmenos_smoke, wad_floor_pattern_untrapped,
          uniq_menkaure
D:7:      layout_rooms, uniq_duvessa, uniq_prince_ribbit1, uniq_pikel
Temple:   nicolae_temple_great_sept

Skill      XL: |  1  2  3  4  5  6  7  8 |
---------------+-------------------------+-----
Fighting       | 3 4 |  4.4
Axes           | 2 3 4 5 |  5.4
Dodging        | 1 2 3 |  3.6
Stealth        | 2 3 4 5 |  5.1
Shields        | 3 4 |  4.4
Armour         | 3 4 |  4.4
Throwing       | 1 2 |  2.1
Spellcasting   | 1 2 |  2.0
Invocations    | 1 2 |  2.0

Action                   |  1- 3 |  4- 6 |  7- 9 || total
-------------------------+-------+-------+-------++-------
Melee: War axe           |    17 |   177 |   137 ||   331
       Bite              |     2 |    17 |    16 ||    35
Throw: Boomerang         |       |     1 |       ||     1
       Javelin           |       |       |    11 ||    11
 Cast: Summon Small Mamm |       |       |     1 ||     1
Invok: Draw Escape       |       |       |     1 ||     1
  Use: Potion            |     1 |       |     1 ||     2
       Scroll            |       |       |    14 ||    14
Armor: Scale mail        |     2 |    76 |    45 ||   123
       Ring mail         |       |       |    19 ||    19
Dodge: Dodged            |     5 |    76 |    72 ||   153
Block: Buckler           |     7 |    36 |    47 ||    90
